 Dungeon Crawl Stone Soup version 0.30-b1-2-g02819fbbbe (webtiles) character file.

Game seed: 16899371816187061743

190 Arcadio the Ducker (level 5, 0/30 (41) HPs)
             Began as a Merfolk Artificer on May 14, 2023.
             Slain by Edmund
             ... wielding a +0 flail of draining
              (2 damage)
             ... on level 4 of the Dungeon.
             The game lasted 00:06:09 (3801 turns).

Arcadio the Ducker (Merfolk Artificer)              Turns: 3801, Time: 00:06:09

HP:   0/30 (41)     AC:  6    Str: 14    XL:     5   Next: 69%
MP:   5/5           EV: 13    Int: 11    God:
Gold: 221           SH:  0    Dex: 14    Spells: 4/4 levels left

rFire   . . .        k - +0 spear
rCold   . . .        (no shield)
rNeg    . . .        b - +0 leather armour
rPois   .            (no helmet)
rElec   .            (no cloak)
rCorr   .            (no gloves)
SInv    .            m - +2 pair of boots
Will    .....        (no amulet)
Stlth   +            (no ring)
HPRegen 0.25/turn    (no ring)
MPRegen 0.09/turn

%: no passive effects
@: very heavily drained
A: (nimble swimmer 2), mertail
a: no special abilities


You were on level 4 of the Dungeon.
You visited 1 branch of the dungeon, and saw 4 of its levels.

You collected 221 gold pieces.

Inventory:

Hand Weapons
 a - a +0 club
 h - a +0 dagger
 k - a +0 spear (weapon)
Armour
 b - a +0 leather armour (worn)
 m - a +2 pair of boots (worn)
Wands
 c - a wand of flame (15) (quivered)
 d - a wand of charming (15)
 e - a wand of iceblast (5)
Scrolls
 f - a scroll of summoning {unknown}
 g - a scroll of teleportation {unknown}
 j - a scroll of fog {unknown}
 n - a scroll of immolation {unknown}
 p - 2 scrolls of magic mapping {unknown}
 t - a scroll of enchant armour {unknown}
 u - 2 scrolls of blinking {unknown}
Potions
 i - a potion of flight {unknown}
 l - a potion of brilliance {unknown}
 o - 3 potions of might
 q - 4 potions of curing
 s - a potion of resistance {unknown}


   Skills:
 + Level 3.4 Fighting
 + Level 3.2 Polearms
 - Level 1.2 Armour
 + Level 4.8 Dodging
 - Level 1.1 Stealth
 - Level 3.0 Evocations


You had 4 spell levels left.
You didn't know any spells.
Your spell library contained the following spells:

 Spells                   Type           Power      Damage    Failure   Level
 Blink                    Tloc           0%         N/A       54%         2
 Cigotuvi's Dreadful Rot  Necr/Pois/Air  0%         N/A       54%         2
 Lesser Beckoning         Tloc           0%         N/A       54%         2
 Momentum Strike          Conj/Tloc      0%         3d8       54%         2
 Ignite Poison            Fire/Tmut/Pois 0%         N/A       78%         3
 Freezing Cloud           Conj/Ice/Air   0%         6-21      100%        5


Dungeon Overview and Level Annotations

Branches:
Dungeon (4/15) Zot: 20264
 Temple: D:4-7

Altars:
Dithmenos

Annotations:
D:4 Edmund


Innate Abilities, Weirdness & Mutations

((You are very nimble when in or above water. (Stealth+, EV+, Speed+++)))
Your lower body shifts to a powerful aquatic tail in water.


Message History

Edmund is moderately wounded.
Edmund says, "People accused me of being a cutpurse!"
Edmund hits you with a +0 flail of draining!
You feel drained.
You hit Edmund.
Edmund is moderately wounded.
Edmund hits you with a +0 flail of draining.
You feel drained.
You hit Edmund but do no damage.
Edmund is moderately wounded.
Edmund barely misses you.
You hit Edmund but do no damage.
Edmund is moderately wounded.
Edmund closely misses you.
You hit Edmund.
Edmund is moderately wounded.
Edmund closely misses you.
You hit Edmund.
Edmund is moderately wounded.
Edmund hits you with a +0 flail of draining.
You feel drained.
You closely miss Edmund.
Edmund is moderately wounded.
Edmund closely misses you.
You hit Edmund but do no damage.
Edmund is moderately wounded.
Edmund hits you but does no damage.
You feel drained.
You hit Edmund but do no damage.
Edmund is moderately wounded.
Edmund barely misses you.
You hit Edmund.
Edmund is moderately wounded.
Edmund hits you with a +0 flail of draining!
* * * LOW HITPOINT WARNING * * *
You feel drained.
* * * LOW HITPOINT WARNING * * *
Edmund attacks as you move away! Edmund barely misses you.
Edmund attacks as you move away!
Edmund hits you with a +0 flail of draining.
You die...

...# #.# #..###### ...#
#.######## #<....... #..#
#........# ##.#†#.#. #..#
#..#####.# #........
#.@######..# #.###
#.≈.8.≈.. #..........#
#...######.≈...≈.#
##.######.##
##.........≈≈.≈≈.# #.#
#.#######..#####..≈≈.≈≈.#
#.# #......@@..#
##.≈≈.≈≈.# #.#
##########.# #(≈≈_≈≈.#
#.# #.# #.≈≈≈≈≈.# #.# #.#
#..≈≈≈... ..# #.#
#........ .## #..
####.##.. ###


You could see Edmund.

Vanquished Creatures
  A scorpion (D:3)
  A hound (D:4)
  An iguana (D:4)
  2 adders (D:2)
  A worm (D:2)
  2 orcs
  6 ball pythons
  4 bats
  4 endoplasms
  2 giant cockroaches (D:1)
  A goblin (D:2)
  6 hobgoblins
  4 jackals (D:2)
  8 kobolds
  2 quokkas
  3 frilled lizards (D:1)
  4 rats
52 creatures vanquished.

Vanquished Creatures (others)
  5 plants (D:1)
5 creatures vanquished.

Grand Total: 57 creatures vanquished

Notes
Turn   | Place    | Note
-------+----------+-------------------------------------------
     0 | D:1      | Arcadio the Merfolk Artificer began the quest for the Orb.
     0 | D:1      | Reached XP level 1. HP: 15/15 MP: 1/1
   186 | D:1      | Reached skill level 3 in Dodging
   217 | D:1      | Reached skill level 1 in Armour
   217 | D:1      | Reached XP level 2. HP: 21/21 MP: 2/2
  1218 | D:2      | HP: 1/22 [worm (9)]
  1360 | D:2      | Reached XP level 3. HP: 22/27 MP: 3/3
  1571 | D:2      | Reached skill level 1 in Polearms
  2065 | D:2      | Reached XP level 4. HP: 34/34 MP: 4/4
  2441 | D:3      | Reached skill level 4 in Dodging
  3066 | D:4      | Noticed a scorpion
  3146 | D:3      | Killed a scorpion
  3147 | D:3      | Reached XP level 5. HP: 4/41 MP: 5/5
  3516 | D:4      | Found a shadowy altar of Dithmenos.
  3732 | D:4      | Noticed Edmund
  3798 | D:4      | HP: 1/30 [Edmund/+0 flail of draining (3)]
  3801 | D:4      | Slain by Edmund

Illustrated notes

Levels and vault maps discovered:
D:1:      minmay_arrival_radiant_lines, layout_basic, serial_bayou,
          serial_bayou_lake_a, serial_bayou_pond_e, serial_bayou_crossing,
          serial_bayou_pond_a
D:2:      layout_loops_corners, minmay_octomino_j4
D:3:      layout_basic, chequers_serial_rivers_large_b
D:4:      layout_loops_ring, mainiacjoe_overflow_catwalk,
          hangedman_abyss_or_decor_stagger, chequers_garden, minmay_box_of_dots,
          uniq_eustachio, uniq_edmund

Skill      XL: |  1  2  3  4  5 |
---------------+----------------+-----
Dodging        | 3 4 |  4.8
Armour         | 1 |  1.2
Fighting       | 2 3 |  3.4
Polearms       | 1 2 3 |  3.2
Stealth        | |  1.1
Evocations     | |  3.0

Action                     |  1- 3 |  4- 6 || total
---------------------------+-------+-------++-------
  Melee: Dagger            |   113 |       ||   113
         Club              |     9 |       ||     9
         Spear             |    92 |   146 ||   238
         Punch             |       |     1 ||     1
    Use: Scroll            |       |     3 ||     3
   Stab: Sleeping          |     3 |     1 ||     4
 Armour: Leather armour    |    72 |    30 ||   102
  Dodge: Dodged            |   146 |    97 ||   243
